 Dungeon Crawl Stone Soup version 0.22.1-2-g9c5b331 (webtiles) character file.

88378 manyhoops the Fighter (level 15, -5/108 HPs)
             Began as a Gnoll Wanderer on Dec 24, 2018.
             Was the Champion of Hepliaklqana.
             Killed from afar by an ogre mage (26 damage)
             ... with a bolt of lightning
             ... on level 13 of the Dungeon.
             The game lasted 01:35:52 (29551 turns).

manyhoops the Fighter (Gnoll Wanderer)             Turns: 29551, Time: 01:35:53

Health: -5/108     AC: 23    Str: 22    XL:     15   Next: 93%
Magic:  9/29       EV: 17    Int: 23    God:    Hepliaklqana [******]
Gold:   917        SH:  7    Dex: 14    Spells: 3/35 levels left

rFire    . . .     SeeInvis .   a - +1 flail "Toclutu" {crush, rC+ rN++ MR+++}
rCold    + . .     Gourm    .   n - +0 buckler
rNeg     + + .     Faith    .   j - +2 ring mail of Bicket {+Inv Int+4 Dex+3 Stlth+}
rPois    +         Spirit   .   Y - +2 hat
rElec    .         Reflect  .   Q - +2 cloak
rCorr    .         Harm     .   d - +2 pair of gloves
MR       ++++.                  u - +2 pair of boots {Stlth+}
Stlth    ++++++....             W - amulet of magic regeneration
HPRegen  0.28/turn              A - ring of poison resistance
MPRegen  0.46/turn              g - ring of wizardry

@: studying Necromancy
A: distributed training, reduced essence, fangs 1, horns 1, shaggy fur 1, strong
1, strong nose
a: Recall Ancestor, Ancestor Identity, Transference, Idealise, Renounce
Religion, Evoke Invisibility


You were on level 13 of the Dungeon.
You worshipped Hepliaklqana.
Hepliaklqana was exalted by your worship.
You were not hungry.

You visited 5 branches of the dungeon, and saw 23 of its levels.
You also visited: Sewer and Ossuary.

You collected 2123 gold pieces.
You spent 1206 gold pieces at shops.

Inventory:

Hand Weapons
 a - the +1 flail "Toclutu" (weapon) {crush, rC+ rN++ MR+++}
   (You found it on level 5 of the Lair of Beasts)

   It inflicts extra damage upon your enemies.
   It protects you from cold.
   It greatly protects you from negative energy.
   It affects your resistance to hostile enchantments.
 c - a +0 blowgun
Missiles
 h - 41 tomahawks (quivered)
 m - 2 throwing nets
 p - 4 curare-tipped needles
Armour
 d - a +2 pair of gloves (worn)
 j - the +2 ring mail of Bicket (worn) {+Inv Int+4 Dex+3 Stlth+}
   (You found it on level 7 of the Dungeon)

   It affects your intelligence (+4).
   It affects your dexterity (+3).
   It lets you turn invisible.
   It makes you more stealthy.
 l - a +0 ring mail of fire resistance
 n - a +0 buckler (worn)
 u - a +2 pair of boots of stealth (worn)
 v - the +7 chain mail of Weightlessness {Str+8}
   (You found it on level 9 of the Dungeon)

   It affects your strength (+8).
 Q - a +2 cloak (worn)
 Y - a +2 hat (worn)
Magical Staves
 b - an uncursed staff of energy
 Z - an uncursed staff of wizardry
Jewellery
 g - a ring of wizardry (right hand)
 A - a ring of poison resistance (left hand)
 W - an amulet of magic regeneration (around neck)
Wands
 e - a wand of iceblast (4)
 t - a wand of flame (24)
 J - a wand of enslavement (21)
 N - a wand of scattershot (1)
 O - a wand of paralysis (14)
 P - a wand of digging (14)
Scrolls
 f - 2 scrolls of immolation
 k - 3 scrolls of teleportation
 r - 4 scrolls of noise
 s - 6 scrolls of fog
 x - 7 scrolls of remove curse
 y - 3 scrolls of fear
 C - a scroll of enchant weapon
 M - 8 scrolls of identify
 R - a scroll of enchant armour
 S - 5 scrolls of blinking
 X - 4 scrolls of amnesia
Potions
 i - 2 potions of mutation
 o - 9 potions of haste
 q - 2 potions of heal wounds
 w - 13 potions of curing
 z - 2 potions of agility
 B - a potion of ambrosia
 D - 2 potions of might
 E - 2 potions of magic
 F - 2 potions of brilliance
 G - 2 potions of cancellation
 H - 4 potions of lignification
 I - a potion of invisibility
 V - a potion of flight
Books
 T - a manual of Necromancy
Miscellaneous
 L - a lightning rod (4/4)
Comestibles
 K - 20 rations
 U - 2 chunks of flesh


   Skills:
 + Level 11.9 Fighting
 + Level 10.2 Short Blades
 + Level 10.2 Long Blades
 + Level 10.2 Axes
 + Level 10.2 Maces & Flails
 + Level 10.2 Polearms
 + Level 10.2 Staves
 + Level 10.2 Slings
 + Level 10.2 Bows
 + Level 10.2 Crossbows
 + Level 10.2 Throwing
 + Level 11.1 Armour
 + Level 10.2 Dodging
 + Level 10.2 Stealth
 + Level 10.5 Shields
 + Level 10.2 Unarmed Combat
 + Level 10.6 Spellcasting
 + Level 9.0 Conjurations
 + Level 8.6 Hexes
 + Level 8.6 Charms
 + Level 8.6 Summonings
 + Level 9.6 Necromancy
 + Level 8.6 Translocations
 + Level 8.6 Transmutations
 + Level 8.6 Fire Magic
 + Level 8.6 Ice Magic
 + Level 8.6 Air Magic
 + Level 8.6 Earth Magic
 + Level 9.0 Poison Magic
 + Level 11.1 Invocations
 + Level 10.5 Evocations


You had 3 spell levels left.
You knew the following spells:

 Your Spells              Type           Power        Failure   Level  Hunger
a - Sting                 Conj/Pois      ####         1%          1    None
b - Poisonous Vapours     Pois/Air       ######       1%          2    None
c - Conjure Flame         Conj/Fire      ######..     1%          3    None
d - Olgreb's Toxic Radia  Pois           ######..     1%          4    #......
e - Vampiric Draining     Necr           ######....   1%          3    None
f - Airstrike             Air            ######....   1%          4    #......
g - Mephitic Cloud        Conj/Pois/Air  ######..     1%          3    None
h - Swiftness             Chrm/Air       ######..     1%          2    None
i - Blink                 Tloc           N/A          1%          2    None
j - Regeneration          Chrm/Necr      ######....   1%          3    None
k - Lightning Bolt        Conj/Air       ######....   2%          5    ####...

Your spell library contained the following spells:

 Spells                   Type           Power        Failure   Level  Hunger
 Animate Skeleton         Necr           N/A          1%          1    None
 Magic Dart               Conj           ####         1%          1    None
 Pain                     Necr           ####         1%          1    None
 Shock                    Conj/Air       ####         1%          1    None
 Call Imp                 Summ           ######..     1%          2    None
 Slow                     Hex            ######..     1%          2    None
 Static Discharge         Conj/Air       ######..     1%          3    None
 Animate Dead             Necr           N/A          1%          4    #......
 Cause Fear               Hex            ######....   1%          4    #......
 Bolt of Magma            Conj/Fire/Erth ######....   2%          5    ####...
 Iskenderun's Battlesphe  Conj/Chrm      ######..     2%          5    ####...
 Silence                  Hex/Air        ######....   2%          5    ####...
 Venom Bolt               Conj/Pois      ######....   2%          5    ####...
 Yara's Violent Unravell  Hex/Tmut       ######....   2%          5    ####...
 Iron Shot                Conj/Erth      ######....   12%         6    ######.
 Deflect Missiles         Chrm/Air       ######....   13%         6    ######.
 Orb of Destruction       Conj           ######....   52%         7    #######
 Spellforged Servitor     Conj/Summ      ######....   52%         7    #######
 Discord                  Hex            ######....   99%         8    #######


Dungeon Overview and Level Annotations

Branches:
Dungeon (13/15)            Temple (0/1) D:5            Lair (6/6) D:10
 Shoals (1/4) Lair:4        Snake (1/4) Lair:3        Slime (0/5) Lair:6
    Orc (2/2) D:9             Elf (0/3) Orc:2
 Vaults: D:13-14

Altars:
Ashenzari
Cheibriados
Dithmenos
Elyvilon
Fedhas
Gozag
Hepliaklqana
Kikubaaqudgha
Makhleb
Qazlal
Ru
Sif Muna
Trog
Uskayaw
Vehumet
Zin
The Shining One
Beogh
Jiyva

Shops:
D:5 %   D:9 *   D:10 *   D:12 (   Orc:2 (!}}

Portals:
Trove: D:10 (show slimy rune of Zot)


Innate Abilities, Weirdness & Mutations

Your experience applies equally to all skills.
You have very sharp teeth.
Your uncanny sense of smell can sniff out nearby items.
Your life essence is reduced to manifest your ancestor. (-10% HP)
You have a pair of small horns on your head.
You are covered in fur. (AC +1)
Your muscles are strong. (Str +2)


Message History

Dejan hits the battlesphere with a quarterstaff!
Casting: Olgreb's Toxic Radiance (safe; 1% risk of failure)
Confirm with . or Enter, or press ? or * to list all spells.
Aiming: Lightning Bolt (safe; 2% risk of failure)
Press: ? - help, Shift-Dir - straight line
Okay, then.
Casting: Lightning Bolt (safe; 2% risk of failure)
Confirm with . or Enter, or press ? or * to list all spells.
Aiming: Lightning Bolt (safe; 2% risk of failure)
Press: ? - help, Shift-Dir - straight line You hear a mighty clap of thunder!
The bolt of lightning hits the ogre mage.
The ogre mage is severely wounded.
The bolt of lightning hits the two-headed ogre.
You kill the two-headed ogre!
Your Conjurations skill increases to level 9!
Your Poison Magic skill increases to level 9!
The ogre mage points at you and mumbles some strange words.
The bolt of lightning hits you!
You die...

#############.........'...##
............'.........###.##
#####..#####.........# #.##
#..#######.......# #..' โˆ†
c. #..#..)..#.......# ####
โˆ† . #..##)#).#'####### # .
#.#..#.#.#.#.## #
..##ยง#..#*##).#..#
#..|.R..eO@#.##.##
####.#..#)#####...####
...)...((.......#....#
.......).)......####.###
####.#..#.######.......#
.......... #.......#
.##.#..#.##..##.......#
#.#..#.# .#........# .
#..##. โˆ† ##.......#


You could see the friendly Dejan the battlemage, an ogre mage, a deep elf mage
and a battlesphere.

Vanquished Creatures
  2 orc warlords (Orc:2)
  The ghost of Tilekh the Blocker, a journeyman GnFi of Vehumet (Lair:6)
  The ghost of MordorOrchid the Martial Artist, a journeyman DsTm of Hepliaklqana (Lair:4)
  A vault guard (D:10)
  4 hydras
  An anaconda (Lair:4)
  A centaur warrior (D:13)
  A queen ant (Lair:3)
  6 two-headed ogres
  2 orc high priests (Orc:2)
  A fire crab (Lair:5)
  A naga ritualist (Snake:1)
  5 orc knights
  A deep elf mage (D:13)
  A wolf spider (Lair:6)
  A wolf spider zombie (D:11)
  3 orc sorcerers (Orc:2)
  An oklob plant (Lair:5)
  An elephant (Lair:6)
  A torpor snail (Lair:2)
  8 black mambas
  A gargoyle (D:12)
  A guardian serpent (Lair:6)
  8 spiny frogs
  3 centaur skeletons (D:11)
  A rime drake (Lair:5)
  A hellwing (D:11)
  5 komodo dragons
  3 trolls
  3 hornets
  2 polar bears
  3 hippogriffs
  6 blink frogs
  9 dream sheep (Lair:6)
  4 redbacks (Lair:6)
  A shadow (D:11)
  A spriggan (D:7)
  29 yaks
  6 wyverns (Lair:6)
  Grum (D:10)
  3 wargs
  3 nagas
  8 soldier ants (Lair:3)
  14 water moccasins
  Duvessa (D:7)
  2 porcupines
  3 ice beasts
  4 phantoms
  A necrophage (D:8)
  2 eyes of draining (D:7)
  25 orc warriors
  11 ogres
  9 crocodiles
  3 centaurs
  6 wolves
  An elf zombie (Ossuary)
  10 bullfrogs
  A gnoll sergeant (D:10)
  Dowan (D:7)
  A scorpion (D:12)
  5 killer bees (D:9)
  6 wights (D:10)
  2 howler monkeys (D:11)
  3 crimson imps
  2 hounds
  A bullfrog zombie (D:10)
  A human zombie (Ossuary)
  6 centaur zombies
  2 jellies
  An iguana (D:6)
  28 orc priests
  11 orc wizards
  3 battlemagi
  A hell rat (Lair:6)
  35 worker ants
  A hound skeleton (D:8)
  A mummy (Ossuary)
  6 river rats
  6 adders
  7 gnolls
  A howler monkey skeleton (D:4)
  5 shadow imps
  3 oozes
  2 worms
  3 dart slugs
  7 leopard geckos
  105 orcs
  11 ball pythons
  5 giant cockroaches
  6 hobgoblins
  8 jackals
  3 quokkas
  7 bats
  8 frilled lizards
  5 goblins
  A jackal skeleton (D:4)
  10 kobolds
  2 leopard gecko skeletons
  18 rats
  A withered plant (D:11)
580 creatures vanquished.

Vanquished Creatures (collateral kills)
  Snorg (Orc:2)
  Erolcha (D:10)
  The ghost of smtktc the Blocker, a journeyman HOFi of Zin (D:11)
  2 hydras
  Harold (D:7)
  A catoblepas (Lair:6)
  5 two-headed ogres
  2 orc high priests (Orc:2)
  Sonja (D:13)
  2 unseen horrors
  A deep elf archer (D:13)
  An orc sorcerer (Orc:2)
  A deep elf mage (D:13)
  3 oklob plants (Lair:5)
  An orc knight (Orc:2)
  An ugly thing (D:11)
  A cyclops (D:12)
  2 elephants (Lair:6)
  6 black mambas
  A torpor snail (Lair:6)
  9 spiny frogs
  A rime drake (Lair:1)
  5 komodo dragons
  A hellwing (D:11)
  A troll (Orc:2)
  A hornet (Lair:6)
  6 blink frogs
  5 dream sheep (Lair:6)
  2 hippogriffs
  6 yaks
  A vampire (D:11)
  4 wyverns (Lair:6)
  2 hungry ghosts
  2 wargs (D:9)
  An acid dragon (D:11)
  3 nagas (Lair:3)
  5 soldier ants (Lair:3)
  9 water moccasins
  A porcupine (Lair:3)
  15 orc warriors
  2 ice beasts (D:9)
  A sky beast (D:9)
  10 ogres
  A phantom (D:6)
  6 wolves
  4 centaurs
  5 crocodiles
  7 bullfrogs
  A wyvern skeleton (D:8)
  3 scorpions
  2 killer bees (D:9)
  4 wights (D:10)
  2 bullfrog zombies
  A crimson imp (D:12)
  8 orc priests
  A quasit (D:7)
  2 centaur skeletons
  2 iguanas (D:8)
  5 worker ants
  7 orc wizards
  A hell rat (Lair:6)
  A hound skeleton (D:5)
  3 gnolls (D:10)
  5 river rats
  2 adders
  2 shadow imps
  A worm (D:6)
  2 leopard geckos (D:8)
  19 orcs
  3 ball pythons (Sewer)
  15 rats
  2 fungi (Lair:6)
  2 plants
247 creatures vanquished.

Vanquished Creatures (others)
  17 battlemagi
  6 ancestors
  An adder (D:6)
  An orc (Orc:2)
  15 fungi
  29 plants
  A withered plant (D:11)
70 creatures vanquished.

Grand Total: 897 creatures vanquished

Notes
Turn   | Place    | Note
-------+----------+-------------------------------------------
     0 | D:1      | manyhoops the Gnoll Wanderer began the quest for the Orb.
     0 | D:1      | manyhoops set off with: a +0 shortbow, 25 arrows, a wand of
                  | random effects (15), a +0 robe, a ration
     0 | D:1      | Reached XP level 1. HP: 23/23 MP: 4/4
     2 | D:1      | Learned a level 1 spell: Sting
   164 | D:1      | Reached XP level 2. HP: 23/29 MP: 1/5
   741 | D:1      | Learned a level 2 spell: Poisonous Vapours
   789 | D:1      | Reached XP level 3. HP: 26/35 MP: 1/7
  1681 | D:2      | Reached skill level 1 in Invocations
  1814 | D:2      | Found a deep blue altar of Sif Muna.
  2016 | D:3      | Found an ancient bone altar of Kikubaaqudgha.
  2034 | D:3      | Found a hazy altar of Hepliaklqana.
  2164 | D:3      | Reached skill level 1 in Short Blades
  2164 | D:3      | Reached skill level 1 in Long Blades
  2164 | D:3      | Reached skill level 1 in Axes
  2164 | D:3      | Reached skill level 1 in Maces & Flails
  2164 | D:3      | Reached skill level 1 in Polearms
  2164 | D:3      | Reached skill level 1 in Staves
  2164 | D:3      | Reached skill level 1 in Slings
  2164 | D:3      | Reached skill level 1 in Bows
  2164 | D:3      | Reached skill level 1 in Crossbows
  2164 | D:3      | Reached skill level 1 in Throwing
  2164 | D:3      | Reached skill level 1 in Dodging
  2164 | D:3      | Reached skill level 1 in Stealth
  2164 | D:3      | Reached skill level 1 in Unarmed Combat
  2164 | D:3      | Reached XP level 4. HP: 41/41 MP: 1/8
  2173 | D:3      | Learned a level 3 spell: Mephitic Cloud
  2397 | D:3      | Reached skill level 1 in Hexes
  2397 | D:3      | Reached skill level 1 in Charms
  2397 | D:3      | Reached skill level 1 in Summonings
  2397 | D:3      | Reached skill level 1 in Necromancy
  2397 | D:3      | Reached skill level 1 in Translocations
  2397 | D:3      | Reached skill level 1 in Transmutations
  2397 | D:3      | Reached skill level 1 in Fire Magic
  2397 | D:3      | Reached skill level 1 in Ice Magic
  2397 | D:3      | Reached skill level 1 in Air Magic
  2397 | D:3      | Reached skill level 1 in Earth Magic
  2952 | D:3      | Reached XP level 5. HP: 42/47 MP: 0/9
  3084 | D:4      | Found a sand-covered staircase.
  3087 | Ossuary  | Entered an ossuary
  3161 | Ossuary  | Reached XP level 6. HP: 32/53 MP: 10/10
  3175 | Ossuary  | HP: 1/53 [elf zombie (5)]
  3641 | D:4      | Found a blossoming altar of Fedhas.
  3673 | D:4      | Reached skill level 5 in Armour
  3686 | D:4      | Gained mutation: You possess an exceptional clarity of
                  | mind. [potion of mutation]
  3686 | D:4      | Gained mutation: Your body sometimes deteriorates upon
                  | taking damage. [potion of mutation]
  3686 | D:4      | Gained mutation: You have sharp toenails. [potion of
                  | mutation]
  3688 | D:4      | Lost mutation: Your body sometimes deteriorates upon taking
                  | damage. [potion of mutation]
  3688 | D:4      | Lost mutation: You possess an exceptional clarity of mind.
                  | [potion of mutation]
  3688 | D:4      | Lost mutation: You have sharp toenails. [potion of
                  | mutation]
  3688 | D:4      | Gained mutation: You are covered in fur. (AC +1) [potion of
                  | mutation]
  3688 | D:4      | Gained mutation: You have a pair of small horns on your
                  | head. [potion of mutation]
  3688 | D:4      | Gained mutation: Your muscles are strong. (Str +2) [potion
                  | of mutation]
  3781 | D:4      | Found a glowing silver altar of Zin.
  3793 | D:4      | Found a hide-covered altar of Uskayaw.
  3812 | D:4      | Found a sacrificial altar of Ru.
  3822 | D:4      | Found a shadowy altar of Dithmenos.
  3971 | D:3      | Became a worshipper of Hepliaklqana the Forgotten
  4333 | D:4      | Found a white marble altar of Elyvilon.
  4868 | D:5      | Entered Level 5 of the Dungeon
  4910 | D:5      | Reached XP level 7. HP: 49/53 MP: 12/12
  4986 | D:5      | Found a glowing drain.
  5012 | Sewer    | Entered a sewer
  5657 | D:5      | Reached XP level 8. HP: 11/60 MP: 4/14
  6041 | D:5      | Found a staircase to the Ecumenical Temple.
  6140 | D:5      | Found a shattered altar of Ashenzari.
  6140 | D:5      | Reached * piety under Hepliaklqana
  6144 | D:5      | Found Began's Food Shop.
  6326 | D:5      | Found a burning altar of Makhleb.
  6581 | D:6      | Learned a level 4 spell: Olgreb's Toxic Radiance
  6585 | D:6      | Learned a level 3 spell: Vampiric Draining
  6810 | D:6      | Found a radiant altar of Vehumet.
  7410 | D:6      | Found a stormy altar of Qazlal.
  7564 | D:6      | Reached XP level 9. HP: 33/64 MP: 16/16
  7570 | D:6      | Learned a level 4 spell: Airstrike
  8099 | D:7      | Reached skill level 5 in Spellcasting
  8140 | D:7      | Noticed Dowan
  8142 | D:7      | Noticed Duvessa
  8147 | D:7      | Killed Dowan
  8395 | D:7      | Noticed Harold
  8398 | D:7      | Found a glowing golden altar of the Shining One.
  8536 | D:7      | Killed Duvessa
  8536 | D:7      | Reached skill level 5 in Shields
  8536 | D:7      | Reached skill level 5 in Evocations
  8774 | D:7      | Got a pitted ring mail
  8788 | D:7      | Identified the +2 ring mail of Bicket {+Inv Int+4 Dex+3
                  | Stlth+} (You found it on level 7 of the Dungeon)
  8845 | D:7      | Found a bloodstained altar of Trog.
  8967 | D:7      | Killed Harold
  8967 | D:7      | Reached skill level 5 in Invocations
  9180 | D:7      | Found a snail-covered altar of Cheibriados.
  9194 | D:7      | Reached XP level 10. HP: 70/72 MP: 18/18
  9223 | D:7      | Reached ** piety under Hepliaklqana
  9224 | D:7      | Remembered your ancestor Dejan as a battlemage
  9682 | D:8      | Learned a level 3 spell: Conjure Flame
  9903 | D:8      | Found a shadowy altar of Dithmenos.
  9908 | D:8      | Reached skill level 5 in Short Blades
  9908 | D:8      | Reached skill level 5 in Long Blades
  9908 | D:8      | Reached skill level 5 in Axes
  9908 | D:8      | Reached skill level 5 in Maces & Flails
  9908 | D:8      | Reached skill level 5 in Polearms
  9908 | D:8      | Reached skill level 5 in Staves
  9908 | D:8      | Reached skill level 5 in Slings
  9908 | D:8      | Reached skill level 5 in Bows
  9908 | D:8      | Reached skill level 5 in Crossbows
  9908 | D:8      | Reached skill level 5 in Throwing
  9908 | D:8      | Reached skill level 5 in Dodging
  9908 | D:8      | Reached skill level 5 in Stealth
  9908 | D:8      | Reached skill level 5 in Unarmed Combat
 10143 | D:8      | Reached *** piety under Hepliaklqana
 10443 | D:9      | Found a staircase to the Orcish Mines.
 10867 | D:9      | Reached skill level 5 in Conjurations
 10867 | D:9      | Reached skill level 5 in Poison Magic
 11202 | D:9      | Found an opulent altar of Gozag.
 11267 | D:9      | Got a jewelled chain mail
 11278 | D:9      | Identified the +7 chain mail of Weightlessness {Str+8} (You
                  | found it on level 9 of the Dungeon)
 11385 | D:9      | Found Gozag's Platinum Reserve.
 11667 | Orc:1    | Entered Level 1 of the Orcish Mines
 11814 | Orc:1    | Reached XP level 11. HP: 78/78 MP: 13/20
 12084 | Orc:2    | Entered Level 2 of the Orcish Mines
 12191 | Orc:2    | Noticed an orc knight
 12194 | Orc:2    | Found Ruzxuff's Weapon Emporium.
 12205 | Orc:2    | Killed an orc knight
 12328 | Orc:2    | Found a roughly hewn altar of Beogh.
 12328 | Orc:2    | Noticed a two-headed ogre
 12355 | Orc:2    | Killed a two-headed ogre
 12355 | Orc:2    | Reached skill level 5 in Hexes
 12355 | Orc:2    | Reached skill level 5 in Charms
 12355 | Orc:2    | Reached skill level 5 in Summonings
 12355 | Orc:2    | Reached skill level 5 in Necromancy
 12355 | Orc:2    | Reached skill level 5 in Translocations
 12355 | Orc:2    | Reached skill level 5 in Transmutations
 12355 | Orc:2    | Reached skill level 5 in Fire Magic
 12355 | Orc:2    | Reached skill level 5 in Ice Magic
 12355 | Orc:2    | Reached skill level 5 in Air Magic
 12355 | Orc:2    | Reached skill level 5 in Earth Magic
 12409 | Orc:2    | Found Poaqatoh's Distillery.
 12410 | Orc:2    | Noticed an orc knight
 13099 | Orc:1    | Killed an orc knight
 13182 | Orc:2    | Bought 2 potions of curing for 66 gold pieces
 13182 | Orc:2    | Bought a potion of heal wounds for 55 gold pieces
 13182 | Orc:2    | Bought a potion of heal wounds for 55 gold pieces
 13243 | Orc:2    | Noticed an orc sorcerer
 13243 | Orc:2    | Noticed an orc knight
 13243 | Orc:2    | Noticed a two-headed ogre
 13243 | Orc:2    | Noticed an orc knight
 13244 | Orc:2    | Noticed a two-headed ogre
 13248 | Orc:2    | Noticed an orc knight
 13249 | Orc:2    | Killed an orc sorcerer
 13250 | Orc:2    | Killed an orc knight
 13255 | Orc:2    | Killed a two-headed ogre
 13409 | Orc:2    | Killed a two-headed ogre
 13421 | Orc:2    | Killed an orc knight
 13557 | Orc:2    | Noticed a two-headed ogre
 13563 | Orc:2    | Noticed Snorg
 13670 | Orc:2    | Killed Snorg
 13685 | Orc:2    | Killed a two-headed ogre
 13685 | Orc:2    | Reached XP level 12. HP: 62/86 MP: 5/23
 14141 | Orc:2    | Noticed an orc warlord
 14153 | Orc:2    | Killed an orc warlord
 14545 | Orc:2    | Got a smoking quarterstaff
 14552 | Orc:2    | Identified the cursed +0 quarterstaff of Wouck {protect,
                  | Dex+4} (You found it on level 2 of the Orcish Mines)
 14600 | Orc:2    | Noticed a two-headed ogre
 14612 | Orc:2    | Killed a two-headed ogre
 14844 | Orc:2    | Found a staircase to the Elven Halls.
 15261 | Orc:2    | Noticed an orc warlord
 15280 | Orc:2    | Noticed a sun demon
 15286 | Orc:2    | Killed an orc warlord
 15297 | Orc:2    | Paralysed by an orc sorcerer for 7 turns
 15305 | Orc:2    | Reached skill level 10 in Fighting
 15409 | Orc:2    | Found a roughly hewn altar of Beogh.
 15434 | Orc:2    | Noticed an orc high priest
 15439 | Orc:2    | Noticed a soul eater
 15710 | Orc:2    | Noticed a two-headed ogre
 15718 | Orc:2    | Killed a two-headed ogre
 15753 | Orc:2    | Noticed a two-headed ogre
 15763 | Orc:2    | Killed a two-headed ogre
 15876 | Orc:2    | Reached XP level 13. HP: 44/92 MP: 20/25
 16482 | Orc:2    | Found Udet's Gadget Emporium.
 16496 | Orc:2    | Learned a level 2 spell: Swiftness
 16499 | Orc:2    | Learned a level 2 spell: Blink
 16499 | Orc:2    | Bought a lightning rod (4/4) for 560 gold pieces
 16558 | Orc:2    | Found Evuheaje's Gadget Shop.
 16844 | Orc:2    | Bought a wand of scattershot (3) for 252 gold pieces
 17107 | D:10     | Entered Level 10 of the Dungeon
 17107 | D:10     | Reached **** piety under Hepliaklqana
 17107 | D:10     | Noticed Erolcha
 17246 | D:10     | Found a roughly hewn altar of Beogh.
 17369 | D:10     | Killed Erolcha
 17386 | D:10     | Found a staircase to the Lair.
 17405 | D:10     | Noticed a vault guard
 17415 | D:10     | Killed a vault guard
 17511 | D:10     | Learned a level 3 spell: Regeneration
 17636 | D:10     | Noticed Grum
 17649 | D:10     | Killed Grum
 17821 | D:10     | Found Huadas's Assorted Antiques.
 17854 | D:10     | Bought a pair of runed boots for 172 gold pieces
 17854 | D:10     | Bought a scroll of identify for 46 gold pieces
 18039 | D:10     | Found a portal to a secret trove of treasure.
 18362 | Lair:1   | Entered Level 1 of the Lair of Beasts
 19635 | Lair:2   | Reached ***** piety under Hepliaklqana
 20184 | Lair:2   | Reached XP level 14. HP: 77/99 MP: 24/27
 20703 | Lair:3   | Reached skill level 10 in Armour
 21032 | Lair:3   | Found a staircase to the Snake Pit.
 21579 | Lair:4   | Found a staircase to the Shoals.
 21712 | Lair:4   | Found a runed gate.
 21712 | Lair:4   | Noticed MordorOrchid's ghost (journeyman DsTm)
 21713 | Lair:4   | Found a runed gate.
 21713 | Lair:4   | Found a runed gate.
 22146 | Lair:4   | Killed MordorOrchid's ghost
 23132 | Lair:5   | Reached ****** piety under Hepliaklqana
 23184 | Lair:5   | Reached skill level 10 in Invocations
 23914 | Lair:5   | Got a dazzling flail
 23919 | Lair:5   | Identified the +1 flail "Toclutu" {crush, rC+ rN++ MR+++}
                  | (You found it on level 5 of the Lair of Beasts)
 24803 | Lair:6   | Entered Level 6 of the Lair of Beasts
 25011 | Lair:6   | Reached XP level 15. HP: 72/107 MP: 28/28
 25098 | Lair:6   | Reached skill level 10 in Spellcasting
 25317 | Lair:6   | Reached skill level 10 in Shields
 25317 | Lair:6   | Reached skill level 10 in Evocations
 25494 | Lair:6   | Learned a level 5 spell: Lightning Bolt
 26091 | Lair:6   | Found a runed door.
 26091 | Lair:6   | Noticed Tilekh's ghost (journeyman GnFi)
 26200 | Lair:6   | Found a viscous altar of Jiyva.
 26200 | Lair:6   | Found a staircase to the Slime Pits.
 26241 | Lair:6   | Killed Tilekh's ghost
 27051 | Shoals:1 | Entered Level 1 of the Shoals
 27117 | Snake:1  | Entered Level 1 of the Snake Pit
 27664 | D:11     | Reached skill level 10 in Short Blades
 27664 | D:11     | Reached skill level 10 in Long Blades
 27664 | D:11     | Reached skill level 10 in Axes
 27664 | D:11     | Reached skill level 10 in Maces & Flails
 27664 | D:11     | Reached skill level 10 in Polearms
 27664 | D:11     | Reached skill level 10 in Staves
 27664 | D:11     | Reached skill level 10 in Slings
 27664 | D:11     | Reached skill level 10 in Bows
 27664 | D:11     | Reached skill level 10 in Crossbows
 27664 | D:11     | Reached skill level 10 in Throwing
 27664 | D:11     | Reached skill level 10 in Dodging
 27664 | D:11     | Reached skill level 10 in Stealth
 27664 | D:11     | Reached skill level 10 in Unarmed Combat
 27831 | D:11     | Found a runed door.
 27832 | D:11     | Noticed smtktc's ghost (journeyman HOFi)
 28457 | D:11     | Killed smtktc's ghost
 28566 | D:12     | Found Xuplius's Weapon Shoppe.
 29343 | D:13     | Noticed Sonja
 29349 | D:13     | Killed Sonja
 29551 | D:13     | Killed from afar by an ogre mage

Skill      XL: |  1  2  3  4  5  6  7  8  9 10 11 12 13 14 15 |
---------------+----------------------------------------------+-----
Conjurations   | 2 3 4 5 6 7 8 9 |  9.0
Poison Magic   | 2 3 4 5 6 7 8 9 |  9.0
Invocations    | 1 2 3 4 5 6 7 8 9 10 11 | 11.1
Short Blades   | 1 2 3 4 5 6 7 8 9 10 | 10.2
Long Blades    | 1 2 3 4 5 6 7 8 9 10 | 10.2
Axes           | 1 2 3 4 5 6 7 8 9 10 | 10.2
Maces & Flails | 1 2 3 4 5 6 7 8 9 10 | 10.2
Polearms       | 1 2 3 4 5 6 7 8 9 10 | 10.2
Staves         | 1 2 3 4 5 6 7 8 9 10 | 10.2
Slings         | 1 2 3 4 5 6 7 8 9 10 | 10.2
Bows           | 1 2 3 4 5 6 7 8 9 10 | 10.2
Crossbows      | 1 2 3 4 5 6 7 8 9 10 | 10.2
Throwing       | 1 2 3 4 5 6 7 8 9 10 | 10.2
Dodging        | 1 2 3 4 5 6 7 8 9 10 | 10.2
Stealth        | 1 2 3 4 5 6 7 8 9 10 | 10.2
Unarmed Combat | 1 2 3 4 5 6 7 8 9 10 | 10.2
Spellcasting   | 3 4 5 6 7 8 9 10 | 10.6
Hexes          | 1 2 3 4 5 6 7 8 |  8.6
Charms         | 1 2 3 4 5 6 7 8 |  8.6
Summonings     | 1 2 3 4 5 6 7 8 |  8.6
Necromancy     | 1 2 3 4 5 6 7 8 9 |  9.6
Translocations | 1 2 3 4 5 6 7 8 |  8.6
Transmutations | 1 2 3 4 5 6 7 8 |  8.6
Fire Magic     | 1 2 3 4 5 6 7 8 |  8.6
Ice Magic      | 1 2 3 4 5 6 7 8 |  8.6
Air Magic      | 1 2 3 4 5 6 7 8 |  8.6
Earth Magic    | 1 2 3 4 5 6 7 8 |  8.6
Shields        | 3 4 5 6 7 8 9 10 | 10.5
Evocations     | 3 4 5 6 7 8 9 10 | 10.5
Armour         | 5 6 7 8 9 10 11 | 11.1
Fighting       | 7 8 9 10 11 | 11.9

Action                   |  1- 3 |  4- 6 |  7- 9 | 10-12 | 13-15 || total
-------------------------+-------+-------+-------+-------+-------++-------
Melee: Club              |    26 |       |       |       |       ||    26
       Bite              |     5 |    10 |    22 |    47 |   110 ||   194
       Mace              |    28 |    61 |       |       |       ||    89
       Whip              |       |    49 |   271 |   331 |   419 ||  1070
       Headbutt          |       |     6 |    36 |    67 |   216 ||   325
       Flail             |       |       |       |       |   324 ||   324
       Staff             |       |       |       |       |    38 ||    38
 Fire: Shortbow          |     1 |       |       |       |       ||     1
       Hunting sling     |     4 |     6 |       |       |       ||    10
Throw: Tomahawk          |       |       |     2 |    54 |    52 ||   108
       Throwing net      |       |       |       |     1 |       ||     1
 Cast: Sting             |    70 |    52 |    20 |    48 |    63 ||   253
       Poisonous Vapours |     2 |     7 |    57 |    57 |    26 ||   149
       Olgreb's Toxic Ra |       |       |     1 |    29 |    79 ||   109
       Airstrike         |       |       |     9 |    22 |    77 ||   108
       Mephitic Cloud    |       |       |       |    13 |     8 ||    21
       Conjure Flame     |       |       |       |    12 |     9 ||    21
       Blink             |       |       |       |       |     6 ||     6
       Regeneration      |       |       |       |       |     9 ||     9
       Vampiric Draining |       |       |       |       |     1 ||     1
       Lightning Bolt    |       |       |       |       |    42 ||    42
Invok: Recall Ancestor   |       |       |       |     3 |     1 ||     4
       Ancestor Life: Ba |       |       |       |     1 |       ||     1
Evoke: Wand              |       |     3 |     5 |     7 |     4 ||    19
       Lightning rod     |       |       |       |       |     4 ||     4
  Use: Scroll            |       |    10 |    14 |     4 |    20 ||    48
       Potion            |       |     7 |     5 |     2 |     3 ||    17
 Stab: Sleeping          |       |     1 |     2 |     3 |    16 ||    22
       Distracted        |       |       |     2 |     3 |     8 ||    13
       Confused          |       |       |       |     2 |     1 ||     3
  Eat: Chunk             |     1 |     3 |    11 |    21 |    32 ||    68
       Ration            |     1 |     2 |     1 |     2 |     6 ||    12
Armor: Robe              |     7 |       |       |       |       ||     7
       Leather armour    |     9 |    21 |    68 |       |       ||    98
       Ring mail         |       |       |     1 |    68 |   281 ||   350
       Chain mail        |       |       |       |    11 |       ||    11
Dodge: Dodged            |    58 |    66 |   156 |   151 |   513 ||   944
Block: Buckler           |    13 |    20 |    65 |    74 |   293 ||   465
